 Dungeon Crawl Stone Soup version 0.18.1-48-g4cf74bf (console) character file.

494 Kloppie the Skirmisher (level 6, -2/52 HPs)
             Began as a Demonspawn Fighter on June 27, 2016.
             Was a Follower of Okawaru.
             Slain by a wyvern zombie (10 damage)
             ... on level 5 of the Dungeon.
             The game lasted 00:05:23 (3438 turns).

Kloppie the Skirmisher (Demonspawn Fighter)         Turns: 3438, Time: 00:05:23

Health: -2/52      AC:  7    Str: 17      XL:     6   Next: 92%
Magic:  6/6        EV:  9    Int:  9      God:    Okawaru [*.....]
Gold:   157        SH:  0    Dex: 13 (14) Spells: 0 memorised, 5 levels left

rFire  . . .     SeeInvis .     a - +0 flail
rCold  . . .     Gourm    .     b - +0 scale mail
rNeg   . . .     Faith    .     (no shield)
rPois  .         Spirit   .     (helmet restricted)
rElec  .         Dismiss  .     (no cloak)
rCorr  .         Reflect  .     q - +0 pair of gloves
SustAt .         Harm     .     (no boots)
MR     .....                    (no amulet)
Stlth  ..........               (no ring)
                                (no ring)

@: not resistant to hostile enchantments, extremely unstealthy
A: antennae 1, claws 1, hooves 1
a: Heroism, Renounce Religion


You were on level 5 of the Dungeon.
You worshipped Okawaru.
Okawaru was aware of your devotion.
You were hungry.

You visited 1 branch of the dungeon, and saw 5 of its levels.

You collected 157 gold pieces.

Inventory:

Hand Weapons
 a - a +0 flail (weapon)
Armour
 b - a +0 scale mail (worn)
 c - a +0 shield
 q - a +0 pair of gloves (worn)
Scrolls
 e - a scroll of random uselessness {unknown}
 g - 2 scrolls of noise {unknown}
 h - 3 scrolls of identify {unknown}
 i - a scroll of magic mapping {unknown}
 j - 3 scrolls of enchant weapon {unknown}
 k - 3 scrolls of remove curse {unknown}
 p - a scroll of amnesia {unknown}
 s - a scroll of enchant armour {unknown}
Potions
 d - 2 potions of degeneration {unknown}
 l - 2 potions of lignification {unknown}
 m - 4 potions of haste {unknown}
 n - a potion of heal wounds {unknown}
 o - a potion of invisibility {unknown}
 t - a potion of cure mutation {unknown}
 v - a potion of curing {unknown}
Books
 r - a book of Death

   Spells                             Type                      Level
   a - Corpse Rot                     Necromancy                   2
   b - Sublimation of Blood           Necromancy                   2
   c - Agony                          Necromancy                   5
   d - Dispel Undead                  Necromancy                   5
   e - Excruciating Wounds            Charms/Necromancy            5
   f - Bolt of Draining               Conjuration/Necromancy       5
Comestibles
 f - 3 bread rations


   Skills:
 + Level 5.9 Fighting
 + Level 5.0 Maces & Flails
 - Level 2.6 Armour
 - Level 2.6 Shields


You had 5 spell levels left.
You didn't know any spells.

Dungeon Overview and Level Annotations

Branches:
Dungeon (5/15)
 Temple: D:4-7

Altars:
Fedhas
Okawaru
Qazlal
Sif Muna

Annotations:
D:4 Eustachio


Innate Abilities, Weirdness & Mutations

You have a pair of small antennae on your head.
You have sharp fingernails.
You have large cloven feet.


Message History

You sock the wyvern zombie! Your kick misses the wyvern zombie.
The wyvern zombie barely misses you.
The wyvern zombie completely misses you.
You thump the wyvern zombie!
You kick the wyvern zombie, but do no damage.
The wyvern zombie bites you!
* * * LOW HITPOINT WARNING * * *
You are too injured to fight recklessly!
You are too injured to fight recklessly!
You are too injured to fight recklessly!
You hit the wyvern zombie.
You kick the wyvern zombie, but do no damage.
The wyvern zombie bites you.
* * * LOW HITPOINT WARNING * * *
The wyvern zombie bites you!
* * * LOW HITPOINT WARNING * * *
You hit the wyvern zombie.
You kick the wyvern zombie, but do no damage.
The wyvern zombie bites you!
You die...

#.# #.###.#...#
#.####.....#...#
#......#####...#
######.#.......#
#.........#
###.......#
#$.%....#####.#
#.............#
#......@Z.....#
................<#
##########.......#
#.......#
#.......#
#.......#
#########


You could see a wyvern zombie.

Vanquished Creatures
  Sigmund (D:2)
  A howler monkey (D:3)
  A crimson imp (D:5)
  2 hounds (D:4)
  Ijyb (D:3)
  Natasha (D:4)
  Terence (D:3)
  A worker ant (D:4)
  3 adders
  2 oozes
  2 worms (D:2)
  A dart slug (D:3)
  2 giant geckos (D:5)
  5 orcs (D:3)
  4 giant cockroaches
  10 goblins
  5 hobgoblins
  A quokka (D:4)
  7 bats
  6 giant newts
  5 kobolds (D:1)
  8 rats
70 creatures vanquished.

Notes
Turn   | Place    | Note
--------------------------------------------------------------
     0 | D:1      | Kloppie the Demonspawn Fighter began the quest for the Orb.
     0 | D:1      | Reached XP level 1. HP: 18/18 MP: 1/1
   322 | D:1      | Gained mutation: You have a pair of small antennae on your head. [demonic ancestry]
   322 | D:1      | Reached XP level 2. HP: 22/24 MP: 2/2
   882 | D:2      | Found an iron altar of Okawaru.
   882 | D:2      | Found a blossoming altar of Fedhas.
   887 | D:2      | Became a worshipper of Warmaster Okawaru
  1027 | D:2      | Gained mutation: You have sharp fingernails. [demonic ancestry]
  1027 | D:2      | Reached XP level 3. HP: 8/30 MP: 3/3
  1232 | D:2      | Noticed Sigmund
  1244 | D:2      | Killed Sigmund
  1244 | D:2      | Gained mutation: You have large cloven feet. [demonic ancestry]
  1244 | D:2      | Reached XP level 4. HP: 37/38 MP: 4/4
  1244 | D:2      | Reached XP level 5. HP: 42/43 MP: 5/5
  1271 | D:2      | Found a stormy altar of Qazlal.
  1547 | D:2      | Reached skill level 5 in Fighting
  1580 | D:2      | Reached * piety under Okawaru
  2312 | D:3      | Noticed Terence
  2323 | D:3      | Killed Terence
  2331 | D:3      | Found a stormy altar of Qazlal.
  2384 | D:3      | Reached XP level 6. HP: 42/51 MP: 6/6
  2387 | D:3      | Noticed Ijyb
  2392 | D:3      | Killed Ijyb
  2584 | D:4      | Noticed Natasha
  2943 | D:4      | Killed Natasha
  3155 | D:4      | Noticed Eustachio
  3198 | D:5      | Entered Level 5 of the Dungeon
  3367 | D:5      | Reached skill level 5 in Maces & Flails
  3395 | D:5      | Found a deep blue altar of Sif Muna.
  3438 | D:5      | Slain by a wyvern zombie

Skill      XL: |  1  2  3  4  5  6 |
---------------+-------------------+-----
Maces & Flails | 2 3 4 5 |  5.0
Fighting       | 4 5 |  5.9
Armour         | |  2.6
Shields        | |  2.6

Action                   |  1- 3 |  4- 6 || total
-------------------------+-------+-------++-------
Melee: Flail             |    91 |   256 ||   347
       Kick              |       |    72 ||    72
  Use: Potion            |     1 |       ||     1
  Eat: Meat ration       |       |     1 ||     1
       Chunk             |       |     3 ||     3
Armor: Scale mail        |    62 |   208 ||   270
Dodge: Dodged            |    53 |   185 ||   238
